 Dungeon Crawl Stone Soup version 0.31-a0-516-gfcb59812bd (webtiles) character file.

Game seed: 5385180963922146205

5113 GordonOverkill the Basher (level 10, -7/53 HPs)
             Began as a Vine Stalker Delver on Aug 10, 2023.
             Was an Elder of Okawaru.
             Collided with a rock wall (14 damage)
             ... caused by a rakshasa (illusionary)
             ... on level 9 of the Dungeon.
             The game lasted 00:12:49 (6494 turns).

GordonOverkill the Basher (Vine Stalker Delver)     Turns: 6494, Time: 00:12:50

Health: -7/53      AC: 18    Str: 19    XL:     10   Next: 58%
Magic:  0/20       EV: 16    Int:  5    God:    Okawaru [****..]
Gold:   630        SH:  0    Dex: 16    Spells: 21/21 levels left

rFire   . . .        h - +4 mace of Brawling {heavy, Fly Stlth+}
rCold   . . .        (no shield)
rNeg    . . .        i - +3 plate armour of Zopt {Will++ Int-5}
rPois   .            (no helmet)
rElec   .            n - +0 cloak
rCorr   .            t - +0 pair of gloves
SInv    .            H - +1 pair of boots
Will    +++..        I - amulet of regeneration Stlth
                     l - +5 ring of evasion
HPRegen 1.88/turn    v - +5 ring of evasion
MPRegen 0.17/turn

%: guardian spirit
@: flying
A: fangs 3, regeneration 1, magic shield, antimagic bite, no potion heal 2
a: Renounce Religion, Heroism, Finesse


You were on level 9 of the Dungeon.
You worshipped Okawaru.
Okawaru was greatly pleased with you.
You visited 1 branch of the dungeon, and saw 9 of its levels.

You collected 630 gold pieces.

Inventory:

Hand Weapons
 a - a +0 spear
 h - the +4 mace of Brawling (weapon) {heavy, Fly Stlth+}
   (You found it on level 5 of the Dungeon)

   Fly:       It grants you flight.
   Stlth+:    It makes you more stealthy.
 y - a +1 flail of holy wrath
 J - a +0 morningstar
Missiles
 K - a curare-tipped dart
Armour
 i - the +3 plate armour of Zopt (worn) {Will++ Int-5}
   (You found it on level 5 of the Dungeon)

   Int-5:     It affects your intelligence (-5).
   Will++:    It greatly increases your willpower.
 n - a +0 cloak (worn)
 t - a +0 pair of gloves (worn)
 H - a +1 pair of boots (worn)
Jewellery
 l - a +5 ring of evasion (left hand)
 v - a +5 ring of evasion (right hand)
 G - an amulet of faith
 I - an amulet of regeneration (around neck)
 P - a ring of resist corrosion
Wands
 g - a wand of digging (2)
 w - a wand of acid (18)
 x - a wand of flame (18)
Scrolls
 b - a scroll of immolation
 c - 3 scrolls of fog
 d - a scroll of revelation
 f - 2 scrolls of vulnerability
 j - a scroll of enchant armour {unknown}
 m - 2 scrolls of amnesia
 q - a scroll of poison
 s - a scroll of summoning
 u - a scroll of brand weapon {unknown}
 C - a scroll of torment {unknown}
 D - 2 scrolls of fear
 E - a scroll of blinking {unknown}
 F - a scroll of identify
 M - a scroll of enchant weapon {unknown}
 N - a scroll of teleportation {unknown}
Potions
 k - 4 potions of curing
 o - a potion of resistance
 p - 2 potions of might
 r - a potion of mutation
 z - a potion of berserk rage
 A - 2 potions of brilliance
 B - a potion of attraction {unknown}
 L - a potion of magic {unknown}
 O - a potion of ambrosia {unknown}


   Skills:
 + Level 6.5 Fighting
 * Level 9.5 Maces & Flails
 - Level 1.7 Polearms
 + Level 3.1 Armour
 - Level 1.5 Dodging
 - Level 6.0 Stealth
 + Level 6.4 Spellcasting
 - Level 5.0 Invocations


You had 21 spell levels left.
You didn't know any spells.
Your spell library contained the following spells:

 Spells                   Type           Power      Damage    Failure   Level
 Freeze                   Ice            4%         1d3       100%        1
 Shock                    Conj/Air       4%         1d3       100%        1
 Sting                    Tmut/Pois      4%         1d3       100%        1
 Poisonous Vapours        Pois/Air       2%         N/A       100%        2
 Frozen Ramparts          Ice            2%         1d1       100%        3
 Hailstorm                Conj/Ice       1%         3d3       100%        3
 Swiftness                Air            1%         N/A       100%        3
 Airstrike                Air            0%         2d(1-17)  100%        4
 Olgreb's Toxic Radiance  Pois           1%         N/A       100%        4


Dungeon Overview and Level Annotations

Branches:
Dungeon (9/15)             Temple (0/1) D:6            Lair (0/5) D:9
    Orc: D:9-12

Altars:
Ashenzari
Dithmenos
Elyvilon
Gozag
Kikubaaqudgha
Makhleb
Nemelex Xobeh
Okawaru
Xom
Zin
The Shining One

Shops:
D:6 :

Annotations:
D:2 1 runed translucent door, Crazy Yiuf
D:6 2 runed translucent doors, Stonecrops's ghost, novice GrGl
D:9 3 runed translucent doors


Innate Abilities, Weirdness & Mutations

You have razor-sharp teeth.
Your natural rate of healing is unusually fast.
When hurt, damage is shared between your health and your magic reserves.
Your bite disrupts and absorbs the magic of your enemies.
Potions cannot restore your health.


Message History

You hit the rakshasa but do no damage. Your bite misses the rakshasa.
The rakshasa is moderately wounded.
The rakshasa hits you with a +0 trident. x2
You barely miss the rakshasa.
The rakshasa is moderately wounded.
The rakshasa barely misses you.
You hit the rakshasa but do no damage. Your bite misses the rakshasa.
The rakshasa is moderately wounded.
The rakshasa hits you but does no damage. x2
You hit the rakshasa. You bite the rakshasa.
The rakshasa's magic leaks into the air.
You drain its magic.
You feel invigorated.
The rakshasa is moderately wounded.
The rakshasa hits you with a +0 trident!
You hit the rakshasa.
You bite the rakshasa, but do no damage.
The rakshasa is heavily wounded.
The rakshasa hits you but does no damage.
You thump the rakshasa!
The rakshasa is heavily wounded.
The injured rakshasa weaves a defensive illusion!
The rakshasa misses you. x2
You hit the rakshasa. Your bite misses the rakshasa.
The rakshasa is severely wounded.
The rakshasa hits you but does no damage.
The rakshasa closely misses you. x2
The rakshasa hits you with a +0 trident!!
The rakshasa gestures at you. The lance of force hits you!
* * * LOW HITPOINT WARNING * * *
You are knocked back by the lance of force.
You slam into the rock wall!
* * * LOW HITPOINT WARNING * * *
The rakshasa blinks!
The rakshasa gestures at you. The lance of force hits you!!
* * * LOW HITPOINT WARNING * * *
You are knocked back by the lance of force.
You slam into the rock wall!
You die...

.#....#.##.....
...............
..........##.#
.....^......... ..#
#<......... ..#
##..##.....
##..####.).+.....
##.###...(###.....
#@..)#...<........
#..###............
#R.#."............
#R.#.....#.#......
#ยง.R.....#.#......
#.#...............
#.###..#.#.##.....
#.# #..#.......###
#.# #..###.#####


You could see 3 rakshasas.

Vanquished Creatures
  A cyclops (D:8)
  A komodo dragon (D:9)
  4 yaks
  4 steam dragons
  Eustachio (D:4)
  Menkaure (D:4)
  Edmund (D:5)
  2 water moccasins
  An acid dragon (D:9)
  Duvessa (D:5)
  2 orc warriors
  2 ice beasts (D:6)
  4 centaurs
  A phantom (D:5)
  2 kobold brigands (D:8)
  3 bullfrogs
  3 scorpions
  5 wights (D:6)
  Dowan (D:5)
  5 killer bees (D:8)
  6 howler monkeys
  3 hounds
  A gnoll bouda (D:5)
  A sleepcap (D:4)
  Terence (D:2)
  5 iguanas
  3 orc wizards
  7 gnolls
  6 adders
  3 white imps
  An ufetubus (D:6)
  A worm (D:2)
  14 orcs
  5 bats
  10 endoplasms
  4 giant cockroaches
  6 goblins
  8 hobgoblins
  6 jackals
  16 kobolds
  2 quokkas
  4 ball pythons
  2 frilled lizards
  11 rats
171 creatures vanquished.

Vanquished Creatures (others)
  A kobold (D:8)
1 creature vanquished.

Grand Total: 172 creatures vanquished

Notes
Turn   | Place    | Note
-------+----------+-------------------------------------------
     0 | D:5      | GordonOverkill the Vine Stalker Delver began the quest for
                  | the Orb.
     0 | D:5      | Reached XP level 1. HP: 11/11 MP: 2/2
     3 | D:5      | Identified the +4 mace of Brawling {heavy, Fly Stlth+}
    10 | D:5      | Identified the +3 plate armour of Zopt {Will++ Int-5}
    61 | D:6      | Reached skill level 1 in Maces & Flails
    78 | D:5      | Noticed an iguana
    82 | D:5      | Killed an iguana
    83 | D:5      | Reached skill level 2 in Maces & Flails
    83 | D:5      | Reached XP level 2. HP: 13/16 MP: 3/3
    83 | D:5      | Reached XP level 3. HP: 15/19 MP: 4/4
   115 | D:4      | Noticed a scorpion
   124 | D:4      | Killed a scorpion
   125 | D:4      | Reached skill level 3 in Maces & Flails
   125 | D:4      | Gained mutation: Your natural rate of healing is unusually
                  | fast. [Vine Stalker growth]
   125 | D:4      | Reached XP level 4. HP: 7/23 MP: 3/5
   541 | D:1      | Found a faded altar of an unknown god.
   600 | D:1      | Prayed at the altar of an unknown god.
   600 | D:1      | Became a worshipper of Elyvilon the Healer
   600 | D:1      | Reached * piety under Elyvilon
   631 | D:1      | Reached skill level 4 in Maces & Flails
   631 | D:1      | Reached XP level 5. HP: 18/27 MP: 2/6
  1122 | D:1      | Reached ** piety under Elyvilon
  1470 | D:2      | Found a runed translucent door.
  1471 | D:2      | Noticed Crazy Yiuf
  1520 | D:2      | Noticed Terence
  1526 | D:2      | Killed Terence
  1841 | D:3      | Reached skill level 1 in Spellcasting
  2144 | D:4      | Noticed Eustachio
  2155 | D:4      | Killed Eustachio
  2156 | D:4      | Reached skill level 1 in Invocations
  2156 | D:4      | Reached XP level 6. HP: 25/32 MP: 7/9
  2196 | D:4      | Reached *** piety under Elyvilon
  2347 | D:4      | Noticed Menkaure
  2354 | D:4      | Killed Menkaure
  2355 | D:4      | Reached skill level 5 in Maces & Flails
  2355 | D:4      | Reached XP level 7. HP: 36/36 MP: 8/11
  2582 | D:4      | Found an iron altar of Okawaru.
  2631 | D:4      | Fell from the grace of Elyvilon
  2631 | D:4      | Became a worshipper of Warmaster Okawaru
  2789 | D:5      | Noticed Edmund
  2794 | D:5      | Killed Edmund
  2942 | D:5      | Found a glowing silver altar of Zin.
  3058 | D:5      | Found a broken altar of Ashenzari.
  3125 | D:5      | Noticed Duvessa
  3125 | D:5      | Noticed Dowan
  3141 | D:5      | Killed Duvessa
  3142 | D:5      | Reached skill level 6 in Maces & Flails
  3142 | D:5      | Gained mutation: You have razor-sharp teeth. [Vine Stalker
                  | growth]
  3142 | D:5      | Reached XP level 8. HP: 41/42 MP: 11/13
  3142 | D:5      | Killed Dowan
  3142 | D:5      | Reached * piety under Okawaru
  3203 | D:5      | Noticed a yak
  3212 | D:5      | Killed a yak
  3775 | D:6      | Found Yshaji's Book Boutique.
  3782 | D:6      | Reached skill level 7 in Maces & Flails
  4026 | D:6      | Reached XP level 9. HP: 42/46 MP: 13/16
  4035 | D:6      | Reached ** piety under Okawaru
  4036 | D:6      | Reached skill level 5 in Fighting
  4076 | D:6      | Found a white marble altar of Elyvilon.
  4123 | D:6      | Found a large runed translucent door.
  4123 | D:6      | Found a large runed translucent door.
  4128 | D:6      | Noticed Stonecrops's ghost (novice GrGl)
  4149 | D:6      | Found a staircase to the Ecumenical Temple.
  4889 | D:7      | Reached skill level 5 in Spellcasting
  4897 | D:7      | Found an opulent altar of Gozag.
  4897 | D:7      | Found a burning altar of Makhleb.
  4906 | D:7      | Found an ancient bone altar of Kikubaaqudgha.
  4908 | D:7      | Found a sparkling altar of Nemelex Xobeh.
  4918 | D:7      | Reached skill level 8 in Maces & Flails
  4918 | D:7      | Reached skill level 1 in Armour
  4921 | D:7      | Found a glowing golden altar of the Shining One.
  5127 | D:8      | Reached *** piety under Okawaru
  5128 | D:8      | Reached skill level 5 in Invocations
  5211 | D:8      | Found a shimmering altar of Xom.
  5277 | D:8      | Reached XP level 10. HP: 53/53 MP: 19/19
  5384 | D:8      | Reached **** piety under Okawaru
  5543 | D:8      | Noticed a cyclops
  5596 | D:8      | Killed a cyclops
  5597 | D:8      | Reached skill level 9 in Maces & Flails
  5813 | D:8      | Found a shadowy altar of Dithmenos.
  6166 | D:9      | Found a staircase to the Lair.
  6284 | D:9      | Found a runed translucent gate.
  6284 | D:9      | Found a runed translucent gate.
  6284 | D:9      | Found a runed translucent gate.
  6284 | D:9      | Noticed a white ugly thing
  6284 | D:9      | Noticed a purple ugly thing
  6284 | D:9      | Noticed a red ugly thing
  6286 | D:9      | Noticed a glowing orange brain
  6286 | D:9      | Noticed a brown ugly thing
  6290 | D:9      | a slime creature changed into a deep troll
  6290 | D:9      | Noticed a deep troll (glowing shapeshifter)
  6463 | D:9      | Received a gift from Okawaru
  6476 | D:9      | Noticed a rakshasa
  6494 | D:9      | Collided with a rock wall

Illustrated notes

Levels and vault maps discovered:
D:1:      elethiomel_arrival_diamonds, layout_basic,
          shapermc_ecumenical_altar_starsandcircs,
          nicolae_concentric_dashed_squares_wild
D:2:      layout_rooms, minmay_misc_feat_x, uniq_crazy_yiuf_cottage,
          uniq_terence
D:3:      layout_rooms
D:4:      layout_basic, okawaru_gym_becter, uniq_eustachio, uniq_menkaure
D:5:      kennysheep_big_flooded_room, layout_cave_pods, zin_treasury,
          old_standard_altar, chequers_decorated_corner, uniq_edmund,
          uniq_duvessa
D:6:      layout_basic, nicolae_elyvilon_temple_path,
          minmay_temple_entry_crystal_x, serial_shops, shop,
          ebering_ghost_disaster_area, nicolae_ossuary_entry_ruins
D:7:      layout_loops_ring, chequers_temple_overflow_minitemple
D:8:      layout_loops_ring, old_standard_altar, lemuel_crystal_altar,
          fungi_pond_lemuel
D:9:      layout_basic, david_lair_shrubbed,
          ploomutoo_gammafunk_ghost_potion_laboratory, minmay_microvault

Skill      XL: |  1  2  3  4  5  6  7  8  9 10 |
---------------+-------------------------------+-----
Maces & Flails | 2 3 4 5 6 7 8 9 |  9.5
Spellcasting   | 1 2 3 4 5 6 |  6.4
Fighting       | 3 4 5 6 |  6.5
Invocations    | 1 3 4 5 |  5.0
Armour         | 1 3 |  3.1
Polearms       | |  1.7
Dodging        | |  1.5
Stealth        | |  6.0

Action                     |  1- 3 |  4- 6 |  7- 9 | 10-12 || total
---------------------------+-------+-------+-------+-------++-------
  Melee: Mace              |    16 |   133 |   214 |    88 ||   451
         Bite              |     4 |    27 |    60 |    29 ||   120
         Punch             |       |     1 |       |     2 ||     3
  Evoke: Wand              |       |       |     4 |       ||     4
    Use: Potion            |     1 |       |       |     1 ||     2
         Scroll            |       |     7 |     5 |     1 ||    13
   Stab: Sleeping          |       |     3 |       |       ||     3
         Distracted        |       |     1 |       |       ||     1
 Armour: Plate armour      |    14 |   104 |   118 |    51 ||   287
         Leather armour    |       |     6 |       |       ||     6
  Dodge: Dodged            |     4 |   132 |   185 |   113 ||   434

Table legend: (Time is in decaauts)
 A = Elapsed time spent in this place.
 B = Non-inter-level travel time spent in this place.
 C = Inter-level travel time spent in this place.
 D = Time resting spent in this place.
 E = Time spent auto-exploring this place.
 F = Levels seen in this place.
 G = Mean time per level.
                   A        B        C        D        E       F      G
               +--------+--------+--------+--------+--------+-----+--------+
         Total |   6771 |   6437 |    334 |    306 |   4186 |   9 |  752.3 |
       Dungeon |   6771 |   6437 |    334 |    306 |   4186 |   9 |  752.3 |
               +--------+--------+--------+--------+--------+-----+--------+

Top non-repeatable levels by time:
     D:5: 1089 daAuts
     D:8: 988 daAuts
     D:4: 938 daAuts
     D:1: 793 daAuts
     D:7: 787 daAuts
     D:6: 700 daAuts
     D:2: 590 daAuts
     D:3: 445 daAuts
     D:9: 439 daAuts
